 Dungeon Crawl Stone Soup version 0.29.0-4-gdea44cf6ec (webtiles) character file.

Game seed: 18340719134318316870

23881 qw the Grappler (level 12, -7/114 HPs)
             Began as a Troll Cinder Acolyte on Aug 31, 2022.
             Was a Follower of Okawaru.
             Mangled by a spriggan rider
             ... wielding a +0 spear
              (13 damage)
             ... on level 5 of the Lair of Beasts.
             The game lasted 00:06:13 (11346 turns).

qw the Grappler (Troll Cinder Acolyte)             Turns: 11346, Time: 00:06:13

Health: -7/114     AC:  6    Str: 29    XL:     12   Next: 75%
Magic:  10/13      EV: 10    Int: 12    God:    Okawaru [*.....]
Gold:   728        SH: 24    Dex: 10    Spells: 13/13 levels left

rFire   x x .      SeeInvis .     - Unarmed
rCold   + . .      Faith    .   m - +6 tower shield of Distant Shores {rF- rCorr Dex+5}
rNeg    . . .      Spirit   .   d - +0 robe of Absolutism {rPois Int+2 Stlth+}
rPois   +          Reflect  .   h - +2 hat
rElec   .          Harm     .   (no cloak)
rCorr   +          Rampage  .   (gloves unavailable)
Will    .....                   (boots unavailable)
Stlth   ++++......              (no amulet)
HPRegen 1.09/turn               c - ring of ice
MPRegen 0.13/turn               p - +4 ring of slaying {mikee}

@: heroic
A: large, unfitting armour, claws 3, regeneration 1, shaggy fur 1, tough skin 1,
talons 1
a: Renounce Religion, Heroism


You were on level 5 of the Lair of Beasts.
You worshipped Okawaru.
Okawaru was aware of your devotion.
You visited 2 branches of the dungeon, and saw 12 of its levels.

You collected 728 gold pieces.


Innate Abilities, Weirdness & Mutations

You are too large for most types of armour.
You have claws for hands.
Your natural rate of healing is unusually fast.
You are covered in fur. (AC +1)
You have tough skin. (AC +1)
You have sharp toenails.


   Skills:
 - Level 6.0(11.0) Fighting
 - Level 3.0(8.0) Throwing
 - Level 2.0(7.0) Armour
 - Level 2.0(7.0) Dodging
 + Level 12.1(17.1) Shields
 - Level 14.7(19.7) Unarmed Combat
 - Level 1.0 Spellcasting
 - Level 2.1 Fire Magic
 + Level 3.4 Invocations


You had 13 spell levels left.
You didn't know any spells.
Your spell library contained the following spells:

 Spells                   Type           Power      Damage    Failure   Level
 Scorch                   Fire           10%        2d6       38%         2

Inventory:

Missiles
 n - 15 boomerangs (quivered)
Armour
 a - +0 acid dragon scales
 d - the +0 robe of Absolutism (worn) {rPois Int+2 Stlth+}
   (You found it on level 7 of the Dungeon)

   Int:       It affects your intelligence (+2).
   rPois:     It protects you from poison.
   Stlth:     It makes you more stealthy.
 h - a +2 hat (worn)
 m - the +6 tower shield of Distant Shores (worn) {rF- rCorr Dex+5}
   (You acquired it on level 8 of the Dungeon)

   Dex:       It affects your dexterity (+5).
   rF:        It makes you vulnerable to fire.
   rCorr:     It protects you from acid and corrosion.
Jewellery
 c - a ring of ice (left claw)
 j - a ring of fire
 p - a +4 ring of slaying (right claw) {mikee}
Scrolls
 e - 9 scrolls of identify
 l - 2 scrolls of enchant weapon
 q - a scroll of enchant armour {unknown}
Potions
 b - 6 potions of might
 f - 2 potions of mutation
 g - a potion of resistance
 k - 4 potions of curing

Dungeon Overview and Level Annotations

Branches:
Dungeon (8/15)             Temple (0/1) D:4            Lair (3/5) D:8
  Swamp (0/4) Lair:2        Snake (0/4) Lair:3

Altars:
Kikubaaqudgha
Makhleb
Okawaru
Trog
Vehumet
Yredelemnul
The Shining One

Shops:
D:1 [

Annotations:
D:7 2 transporters, 1 runed translucent door, Crazy Yiuf; qw's ghost, novice TeWr


Message History

You feel much better. The wolf bites you! You block the wolf's attack.
The spriggan rider hits you from afar with a +0 spear!!
You block the wolf's attack.
You hear an angry buzzing noise.
You scratch the wolf.
The wolf is lightly wounded.
You hear an angry growl.
You hear a howl!
You block the wolf's attack. The wolf bites you.
You completely miss the wolf. Your kick misses the wolf.
The wolf is lightly wounded.
You block the wolf's attack. The wolf bites you.
You block the spriggan rider's attack. You block the wolf's attack.
You closely miss the wolf. You claw the wolf!
The wolf is severely wounded.
You block the wolf's attack. The wolf closely misses you.
The spriggan rider hits you from afar with a +0 spear.
You mangle the wolf!!
You kill the wolf!
Okawaru accepts your kill.
You block the wolf's attack. x2; The spriggan rider barely misses you.
The hornet closely misses you.
You barely miss the hornet.
The dream sheep ruffles its wool and motes of dream dust sparkle, to no effect.
You block the wolf's attack. You block the hornet's attack.
You barely miss the hornet. Your kick misses the hornet.
You block the wolf's attack. You block the spriggan rider's attack.
A dream sheep comes into view.
You block the hornet's attack.
You barely miss the hornet. You claw the hornet.
The hornet is lightly wounded.
You block the wolf's attack. You block the spriggan rider's attack.
You block the hornet's attack.
You eviscerate the hornet!!!
You kill the hornet!
Okawaru accepts your kill.
You hear an angry buzzing noise.
You hear a roar!
You hear a shout!
You block the wolf's attack. x2
The spriggan rider hits you from afar with a +0 spear!
You die...

...............P#..#.....
.P......#..###..#(..#####
....... #.## #####..#
......P##.## .##
...P...#...# .# #...## .#
##..# .# ##.##### #
#.#.#@# # #
..#..#..hhh#i#..P#
.........Yiii..F..(
####.#P....hY...#..
##...........#
##P......7.7.#
##....77777 7 #....77
##7777


You could see a spriggan rider, 2 spriggans, 4 wolves and 2 dream sheep.

Vanquished Creatures
  5 hydras
  A boulder beetle (Lair:2)
  Urug (Lair:1)
  Amaemon (Lair:3)
  3 black mambas
  3 elephants (Lair:2)
  7 cane toads
  Maggie (D:6)
  3 komodo dragons
  A troll (D:7)
  2 tyrant leeches (Lair:2)
  2 hornets
  9 blink frogs
  2 wyverns
  22 yaks
  A vampire mosquito (D:7)
  3 steam dragons
  Menkaure (D:5)
  3 swamp worms (Lair:2)
  3 nagas (Lair:3)
  An acid dragon (D:8)
  6 water moccasins
  3 black bears
  2 orc warriors (D:8)
  3 ice beasts
  3 sky beasts
  4 ogres
  13 wolves
  5 centaurs
  A phantom (D:7)
  Blork the orc (D:5)
  13 bullfrogs
  3 gnoll sergeants
  2 necrophages
  4 scorpions
  6 wights
  6 killer bees (D:8)
  4 howler monkeys
  2 hounds
  A gnoll bouda (D:8)
  5 jellies
  An orc priest (D:6)
  10 iguanas
  7 orc wizards
  A statue (D:3)
  12 gnolls
  A river rat (D:6)
  6 adders
  2 shadow imps
  6 white imps
  4 ufetubi
  A worm (D:5)
  4 dart slugs
  27 orcs
  5 ball pythons
  6 endoplasms
  6 giant cockroaches
  A goblin (D:3)
  3 hobgoblins
  5 jackals
  6 kobolds
  4 quokkas
  8 bats
  3 frilled lizards
  7 rats
298 creatures vanquished.

Vanquished Creatures (others)
  9 fungi
  14 plants
23 creatures vanquished.

Grand Total: 321 creatures vanquished

Notes
Turn   | Place    | Note
-------+----------+-------------------------------------------
     0 | D:1      | qw the Troll Cinder Acolyte began the quest for the Orb.
     0 | D:1      | Reached XP level 1. HP: 22/22 MP: 1/1
     0 | D:1      | 0 ||| qw: Version: 0.1-a-97-g2dd2ca4
     0 | D:1      | 0 ||| qw: Game counter: 4495
     0 | D:1      | 0 ||| qw: Always use a shield: true
     0 | D:1      | 0 ||| qw: God list: Okawaru
     0 | D:1      | 0 ||| qw: Allow faded altars: false
     0 | D:1      | 0 ||| qw: Do Orc after D:15 true
     0 | D:1      | 0 ||| qw: Do second Lair branch before Depths: true
     0 | D:1      | 0 ||| qw: Lair rune preference: random
     0 | D:1      | 0 ||| qw: Plans: Normal
     0 | D:1      | 0 ||| PLANNING D:1-11
    25 | D:1      | 25 ||| Stepping ~*~*~tactically~*~*~ (hiding).
    51 | D:1      | Reached XP level 2. HP: 29/29 MP: 2/2
    57 | D:1      | Found Fuizub's Armour Boutique.
    87 | D:1      | 87 ||| SHOPLISTING +2 cloak (165 gold, have 9).
   182 | D:1      | 182 ||| Stepping ~*~*~tactically~*~*~ (stealth).
   183 | D:1      | 183 ||| Stepping ~*~*~tactically~*~*~ (stealth).
   186 | D:1      | 186 ||| Stepping ~*~*~tactically~*~*~ (stealth).
   187 | D:1      | 187 ||| Stepping ~*~*~tactically~*~*~ (stealth).
   190 | D:1      | 190 ||| Stepping ~*~*~tactically~*~*~ (stealth).
   263 | D:1      | 263 ||| Stepping ~*~*~tactically~*~*~ (stealth).
   265 | D:1      | 265 ||| Stepping ~*~*~tactically~*~*~ (stealth).
   266 | D:1      | 266 ||| Stepping ~*~*~tactically~*~*~ (stealth).
   267 | D:1      | 267 ||| Stepping ~*~*~tactically~*~*~ (stealth).
   269 | D:1      | 269 ||| Stepping ~*~*~tactically~*~*~ (stealth).
   272 | D:1      | Reached skill level 4 in Unarmed Combat
   459 | D:1      | 459 ||| DROPPING +6 ring of intelligence.
   460 | D:1      | 460 ||| READING scroll labelled JAONEA MIDU.
   691 | D:2      | Reached XP level 3. HP: 36/36 MP: 3/3
   791 | D:2      | 791 ||| Stepping ~*~*~tactically~*~*~ (hiding).
  1415 | D:2      | 1415 ||| READING scroll labelled RERURR CIVEC.
  1416 | D:2      | 1416 ||| READING scroll labelled CYITEI YSKEA.
  1628 | D:1      | 1628 ||| Stepping randomly (stuck).
  1808 | D:3      | 1808 ||| Stepping ~*~*~tactically~*~*~ (stealth).
  1811 | D:3      | 1811 ||| Stepping ~*~*~tactically~*~*~ (stealth).
  1812 | D:3      | 1812 ||| Stepping ~*~*~tactically~*~*~ (stealth).
  1831 | D:3      | 1831 ||| Stepping ~*~*~tactically~*~*~ (stealth).
  1832 | D:3      | 1832 ||| Stepping ~*~*~tactically~*~*~ (stealth).
  1840 | D:3      | 1840 ||| Stepping ~*~*~tactically~*~*~ (outnumbered).
  1844 | D:3      | Noticed an ice beast
  1853 | D:3      | Killed an ice beast
  1854 | D:3      | Reached skill level 5 in Unarmed Combat
  1854 | D:3      | Reached XP level 4. HP: 44/44 MP: 4/4
  1854 | D:3      | Reached XP level 5. HP: 50/50 MP: 5/5
  1868 | D:3      | Reached skill level 6 in Unarmed Combat
  1890 | D:3      | Found a radiant altar of Vehumet.
  1890 | D:3      | Noticed a charred statue
  1891 | D:3      | 1891 ||| INVOKING Fiery Armour.
  1901 | D:3      | Killed a charred statue
  2377 | D:3      | 2377 ||| DRINKING 2 silvery potions.
  2378 | D:3      | 2378 ||| READING 2 scrolls of identify.
  2378 | D:3      | 2378 ||| IDENTIFYING metallic puce potion
  2379 | D:3      | 2379 ||| DROPPING potion of degeneration.
  2462 | D:4      | 2462 ||| Stepping ~*~*~tactically~*~*~ (stealth).
  2463 | D:4      | 2463 ||| Stepping ~*~*~tactically~*~*~ (stealth).
  2660 | D:4      | Found a staircase to the Ecumenical Temple.
  3033 | D:4      | Found a glowing golden altar of the Shining One.
  3115 | D:4      | 3115 ||| DROPPING ring of wizardry.
  3116 | D:4      | 3116 ||| READING 2 scrolls labelled CAHUMO XOIRCHI.
  3117 | D:4      | 3117 ||| READING scroll labelled MOAWUE JAETEGI.
  3118 | D:4      | 3118 ||| READING scroll labelled AQOFYSE NECY.
  3119 | D:4      | 3119 ||| DRINKING 2 emerald potions.
  3119 | D:4      | Gained mutation: You have sharp toenails. [potion of
                  | mutation]
  3120 | D:4      | 3120 ||| DRINKING 2 bubbling sapphire potions.
  3158 | D:4      | 3158 ||| READING 3 scrolls of identify.
  3158 | D:4      | 3158 ||| IDENTIFYING fizzy puce potion
  3159 | D:4      | 3159 ||| READING 2 scrolls of identify.
  3159 | D:4      | 3159 ||| IDENTIFYING black potion
  3160 | D:4      | 3160 ||| DROPPING potion of magic.
  3161 | D:4      | 3161 ||| DROPPING scroll of poison.
  3162 | D:4      | 3162 ||| DROPPING potion of lignification.
  3176 | D:5      | Entered Level 5 of the Dungeon
  3177 | D:5      | 3177 ||| Stepping ~*~*~tactically~*~*~ (hiding).
  3179 | D:5      | 3179 ||| STAIRDANCE
  3285 | D:5      | 3285 ||| STAIRDANCE
  3288 | D:4      | Reached XP level 6. HP: 51/59 MP: 6/6
  3298 | D:5      | 3298 ||| STAIRDANCE
  3323 | D:5      | Reached skill level 7 in Unarmed Combat
  3350 | D:5      | Noticed Menkaure
  3355 | D:5      | 3355 ||| INVOKING Fiery Armour.
  3355 | D:5      | HP: 10/59 [Menkaure (14)]
  3356 | D:5      | 3356 ||| READING scroll of teleportation.
  3357 | D:5      | Killed Menkaure
  3408 | D:5      | Noticed Blork the orc
  3416 | D:5      | Killed Blork the orc
  3417 | D:5      | Reached skill level 8 in Unarmed Combat
  3474 | D:5      | Reached XP level 7. HP: 66/66 MP: 7/7
  3737 | D:5      | Reached skill level 3 in Fighting
  3749 | D:5      | Found a bloodstained altar of Trog.
  3792 | D:5      | Found a basalt altar of Yredelemnul.
  3817 | D:5      | 3817 ||| Stepping ~*~*~tactically~*~*~ (stealth).
  3924 | D:5      | Found an ancient bone altar of Kikubaaqudgha.
  3941 | D:5      | 3941 ||| Stepping ~*~*~tactically~*~*~ (hiding).
  3947 | D:5      | Reached skill level 9 in Unarmed Combat
  3955 | D:5      | Reached skill level 1 in Dodging
  4342 | D:5      | Found an iron altar of Okawaru.
  4343 | D:5      | 4343 ||| UPGRADING to +1 robe of willpower.
  4353 | D:5      | 4353 ||| DROPPING +0 robe.
  4354 | D:5      | 4354 ||| DROPPING ring of flight.
  4355 | D:5      | 4355 ||| READING scroll labelled DIONEAS MEOXAP.
  4356 | D:5      | 4356 ||| READING scroll labelled VIDOMP MOPLETU.
  4357 | D:5      | 4357 ||| READING 2 scrolls labelled FEVVOO GONIE.
  4358 | D:5      | 4358 ||| READING 2 scrolls of identify.
  4358 | D:5      | 4358 ||| IDENTIFYING dark potion
  4359 | D:5      | 4359 ||| DROPPING potion of attraction.
  4360 | D:5      | 4360 ||| DROPPING scroll of magic mapping.
  4412 | D:5      | 4412 ||| Stepping randomly (stuck).
  4562 | D:5      | 4562 ||| Stepping randomly (stuck).
  4583 | D:6      | Noticed a yak
  4583 | D:6      | Noticed a yak
  4584 | D:6      | 4584 ||| PLANNING SEWER
  4585 | D:6      | 4585 ||| Stepping ~*~*~tactically~*~*~ (stealth).
  4585 | D:6      | Noticed a yak
  4585 | D:6      | Noticed a yak
  4586 | D:6      | 4586 ||| Stepping ~*~*~tactically~*~*~ (hiding).
  4588 | D:6      | 4588 ||| INVOKING Fiery Armour.
  4589 | D:6      | 4589 ||| Stepping ~*~*~tactically~*~*~ (outnumbered).
  4590 | D:6      | 4590 ||| Stepping ~*~*~tactically~*~*~ (outnumbered).
  4591 | D:6      | 4591 ||| Stepping ~*~*~tactically~*~*~ (outnumbered).
  4600 | D:6      | Killed a yak
  4601 | D:6      | Reached XP level 8. HP: 51/75 MP: 8/8
  4606 | D:6      | Reached skill level 10 in Unarmed Combat
  4632 | D:6      | 4632 ||| FLEEEEING.
  4633 | D:6      | 4633 ||| FLEEEEING.
  4634 | D:6      | 4634 ||| STAIRDANCE
  4667 | D:6      | 4667 ||| Stepping ~*~*~tactically~*~*~ (stealth).
  4668 | D:6      | 4668 ||| Stepping ~*~*~tactically~*~*~ (stealth).
  4669 | D:6      | 4669 ||| Stepping ~*~*~tactically~*~*~ (stealth).
  4670 | D:6      | 4670 ||| Stepping ~*~*~tactically~*~*~ (stealth).
  4671 | D:6      | 4671 ||| Stepping ~*~*~tactically~*~*~ (stealth).
  4689 | D:6      | 4689 ||| Stepping ~*~*~tactically~*~*~ (stealth).
  4690 | D:6      | 4690 ||| Stepping ~*~*~tactically~*~*~ (stealth).
  4691 | D:6      | 4691 ||| Stepping ~*~*~tactically~*~*~ (stealth).
  4694 | D:6      | Reached skill level 11 in Unarmed Combat
  4736 | D:6      | Noticed Maggie
  4737 | D:6      | 4737 ||| Stepping ~*~*~tactically~*~*~ (hiding).
  4745 | D:6      | 4745 ||| INVOKING Fiery Armour.
  4747 | D:6      | Killed Maggie
  4748 | D:6      | Reached XP level 9. HP: 25/84 MP: 9/9
  4910 | D:6      | 4910 ||| Stepping ~*~*~tactically~*~*~ (stealth).
  4912 | D:6      | 4912 ||| Stepping ~*~*~tactically~*~*~ (hiding).
  4917 | D:6      | 4917 ||| Stepping ~*~*~tactically~*~*~ (hiding).
  5038 | D:6      | 5038 ||| Stepping ~*~*~tactically~*~*~ (stealth).
  5131 | D:6      | Reached skill level 12 in Unarmed Combat
  5217 | D:6      | 5217 ||| Stepping ~*~*~tactically~*~*~ (stealth).
  5237 | D:6      | 5237 ||| Stepping ~*~*~tactically~*~*~ (stealth).
  5238 | D:6      | 5238 ||| Stepping ~*~*~tactically~*~*~ (stealth).
  5241 | D:6      | 5241 ||| Stepping ~*~*~tactically~*~*~ (stealth).
  5384 | D:6      | 5384 ||| RIP SEWER
  5388 | D:6      | 5388 ||| PLANNING D:1-11
  5388 | D:6      | 5388 ||| Stepping ~*~*~tactically~*~*~ (hiding).
  5389 | D:6      | 5389 ||| Stepping ~*~*~tactically~*~*~ (hiding).
  5657 | D:6      | 5657 ||| UPGRADING to +0 acid dragon scales.
  5667 | D:6      | 5667 ||| DROPPING +1 robe of willpower.
  5668 | D:6      | 5668 ||| UPGRADING to +2 hat.
  5673 | D:6      | 5673 ||| READING scroll labelled ZYZEPH GUSUKH.
  5674 | D:6      | 5674 ||| DRINKING 2 glowing blue potions.
  5675 | D:6      | 5675 ||| DRINKING 2 smoky silvery potions.
  5676 | D:6      | 5676 ||| DRINKING 3 murky sapphire potions.
  5777 | D:6      | 5777 ||| READING 4 scrolls of identify.
  5777 | D:6      | 5777 ||| IDENTIFYING red potion
  5778 | D:6      | 5778 ||| READING 3 scrolls of identify.
  5778 | D:6      | 5778 ||| IDENTIFYING metallic orange potion
  5779 | D:6      | 5779 ||| DROPPING potion of flight.
  5780 | D:6      | 5780 ||| DROPPING potion of brilliance.
  5781 | D:6      | 5781 ||| DROPPING 2 potions of ambrosia.
  5828 | D:5      | 5828 ||| Stepping randomly (stuck).
  5900 | D:7      | Noticed qw's ghost (novice TeWr)
  5901 | D:7      | Found a transporter.
  5907 | D:7      | Reached skill level 1 in Armour
  5907 | D:7      | Noticed a manticore
  5943 | D:7      | Identified the +0 robe of Absolutism {rPois Int+2 Stlth+}
  5948 | D:7      | 5948 ||| Stepping ~*~*~tactically~*~*~ (stealth).
  5949 | D:7      | 5949 ||| Stepping ~*~*~tactically~*~*~ (hiding).
  5951 | D:7      | 5951 ||| Stepping ~*~*~tactically~*~*~ (outnumbered).
  5952 | D:7      | 5952 ||| INVOKING Fiery Armour.
  5953 | D:7      | 5953 ||| Stepping ~*~*~tactically~*~*~ (outnumbered).
  5962 | D:7      | 5962 ||| Stepping ~*~*~tactically~*~*~ (outnumbered).
  6042 | D:7      | Found a transporter.
  6064 | D:7      | Noticed a troll
  6072 | D:7      | Killed a troll
  6195 | D:7      | Reached skill level 13 in Unarmed Combat
  6195 | D:7      | 6195 ||| FLEEEEING.
  6196 | D:7      | 6196 ||| FLEEEEING.
  6197 | D:7      | 6197 ||| FLEEEEING.
  6198 | D:7      | 6198 ||| FLEEEEING.
  6199 | D:7      | 6199 ||| FLEEEEING.
  6200 | D:7      | 6200 ||| FLEEEEING.
  6201 | D:7      | 6201 ||| FLEEEEING.
  6202 | D:7      | 6202 ||| FLEEEEING.
  6203 | D:7      | 6203 ||| FLEEEEING.
  6204 | D:7      | 6204 ||| FLEEEEING.
  6205 | D:7      | 6205 ||| FLEEEEING.
  6206 | D:7      | 6206 ||| FLEEEEING.
  6207 | D:7      | 6207 ||| FLEEEEING.
  6209 | D:7      | 6209 ||| FLEEEEING.
  6210 | D:7      | 6210 ||| FLEEEEING.
  6211 | D:7      | 6211 ||| FLEEEEING.
  6212 | D:7      | 6212 ||| FLEEEEING.
  6215 | D:7      | 6215 ||| FLEEEEING.
  6216 | D:7      | 6216 ||| FLEEEEING.
  6217 | D:7      | 6217 ||| FLEEEEING.
  6218 | D:7      | 6218 ||| FLEEEEING.
  6219 | D:7      | 6219 ||| FLEEEEING.
  6220 | D:7      | 6220 ||| FLEEEEING.
  6221 | D:7      | 6221 ||| FLEEEEING.
  6225 | D:7      | 6225 ||| FLEEEEING.
  6239 | D:7      | 6239 ||| INVOKING Fiery Armour.
  6246 | D:7      | 6246 ||| Stepping ~*~*~tactically~*~*~ (outnumbered).
  6257 | D:7      | Reached XP level 10. HP: 90/96 MP: 10/10
  6275 | D:7      | 6275 ||| Stepping ~*~*~tactically~*~*~ (stealth).
  6358 | D:7      | Found a runed translucent door.
  6359 | D:7      | Noticed Crazy Yiuf
  6678 | D:7      | 6678 ||| READING scroll labelled BACZUR XEIJ.
  6919 | D:7      | 6919 ||| Stepping randomly (stuck).
  7078 | D:8      | 7078 ||| Stepping ~*~*~tactically~*~*~ (stealth).
  7080 | D:8      | 7080 ||| Stepping ~*~*~tactically~*~*~ (stealth).
  7082 | D:8      | 7082 ||| Stepping ~*~*~tactically~*~*~ (stealth).
  7084 | D:8      | 7084 ||| Stepping ~*~*~tactically~*~*~ (hiding).
  7107 | D:8      | Reached skill level 14 in Unarmed Combat
  7113 | D:8      | 7113 ||| INVOKING Fiery Armour.
  7114 | D:8      | HP: 15/96 [orc warrior/+0 trident (15)]
  7115 | D:8      | 7115 ||| DRINKING 3 potions of heal wounds.
  7180 | D:8      | Found a burning altar of Makhleb.
  7204 | D:8      | 7204 ||| Stepping ~*~*~tactically~*~*~ (hiding).
  7215 | D:8      | 7215 ||| Stepping ~*~*~tactically~*~*~ (outnumbered).
  7223 | D:8      | Reached skill level 6 in Fighting
  7404 | D:8      | Reached skill level 1 in Throwing
  7409 | D:8      | 7409 ||| Stepping ~*~*~tactically~*~*~ (hiding).
  7438 | D:8      | Found a staircase to the Lair.
  7690 | D:8      | 7690 ||| Stepping ~*~*~tactically~*~*~ (stealth).
  7698 | D:8      | Reached skill level 3 in Throwing
  7720 | D:8      | 7720 ||| Stepping ~*~*~tactically~*~*~ (hiding).
  7737 | D:8      | 7737 ||| Stepping ~*~*~tactically~*~*~ (stealth).
  7787 | D:8      | 7787 ||| Stepping ~*~*~tactically~*~*~ (stealth).
  7789 | D:8      | 7789 ||| Stepping ~*~*~tactically~*~*~ (hiding).
  7792 | D:8      | 7792 ||| Stepping ~*~*~tactically~*~*~ (outnumbered).
  7811 | D:8      | 7811 ||| Stepping ~*~*~tactically~*~*~ (hiding).
  7817 | D:8      | 7817 ||| Stepping ~*~*~tactically~*~*~ (outnumbered).
  7822 | D:8      | 7822 ||| Stepping ~*~*~tactically~*~*~ (hiding).
  7854 | D:8      | 7854 ||| Stepping ~*~*~tactically~*~*~ (stealth).
  7920 | D:8      | 7920 ||| READING scroll labelled OTSEHA INASCHUI.
  7920 | D:8      | Identified a scroll of acquirement
  7920 | D:8      | 7920 ||| ACQUIRING +6 tower shield of Distant Shores {rF-
                  | rCorr Dex+5}
  7920 | D:8      | Acquired the +6 tower shield of Distant Shores {rF- rCorr
                  | Dex+5}
  7922 | D:8      | 7922 ||| UPGRADING to +6 tower shield of Distant Shores
                  | {rF- rCorr Dex+5}.
  7927 | D:8      | 7927 ||| UPGRADING to +0 robe of Absolutism {rPois Int+2
                  | Stlth+}.
  7937 | D:8      | 7937 ||| UPGRADING to ring of ice.
  8018 | D:7      | 8018 ||| PLANNING LAIR
  8074 | Lair:1   | Entered Level 1 of the Lair of Beasts
  8163 | Lair:1   | Noticed an eight-headed hydra
  8164 | Lair:1   | 8164 ||| INVOKING Fiery Armour.
  8169 | Lair:1   | Killed a nine-headed hydra
  8170 | Lair:1   | Reached XP level 11. HP: 94/105 MP: 11/11
  8242 | Lair:1   | Noticed a five-headed hydra
  8249 | Lair:1   | Killed a seven-headed hydra
  8250 | Lair:1   | Reached skill level 3 in Shields
  8297 | Lair:1   | 8297 ||| Stepping ~*~*~tactically~*~*~ (stealth).
  8336 | Lair:1   | 8336 ||| Stepping ~*~*~tactically~*~*~ (outnumbered).
  8337 | Lair:1   | 8337 ||| Stepping ~*~*~tactically~*~*~ (outnumbered).
  8338 | Lair:1   | 8338 ||| Stepping ~*~*~tactically~*~*~ (outnumbered).
  8339 | Lair:1   | 8339 ||| Stepping ~*~*~tactically~*~*~ (outnumbered).
  8343 | Lair:1   | 8343 ||| INVOKING Fiery Armour.
  8440 | Lair:1   | Noticed Urug
  8441 | Lair:1   | 8441 ||| INVOKING Fiery Armour.
  8448 | Lair:1   | Killed Urug
  8525 | Lair:1   | 8525 ||| Stepping ~*~*~tactically~*~*~ (stealth).
  8537 | Lair:1   | 8537 ||| Stepping ~*~*~tactically~*~*~ (stealth).
  8539 | Lair:1   | 8539 ||| Stepping ~*~*~tactically~*~*~ (outnumbered).
  8540 | Lair:1   | 8540 ||| Stepping ~*~*~tactically~*~*~ (outnumbered).
  8541 | Lair:1   | 8541 ||| Stepping ~*~*~tactically~*~*~ (outnumbered).
  8542 | Lair:1   | 8542 ||| Stepping ~*~*~tactically~*~*~ (stealth).
  8543 | Lair:1   | 8543 ||| Stepping ~*~*~tactically~*~*~ (outnumbered).
  8546 | Lair:1   | Reached skill level 6 in Shields
  8546 | Lair:1   | 8546 ||| Stepping ~*~*~tactically~*~*~ (stealth).
  8547 | Lair:1   | 8547 ||| Stepping ~*~*~tactically~*~*~ (stealth).
  8548 | Lair:1   | 8548 ||| Stepping ~*~*~tactically~*~*~ (stealth).
  8552 | Lair:1   | 8552 ||| Stepping ~*~*~tactically~*~*~ (outnumbered).
  8553 | Lair:1   | 8553 ||| Stepping ~*~*~tactically~*~*~ (outnumbered).
  8554 | Lair:1   | 8554 ||| Stepping ~*~*~tactically~*~*~ (outnumbered).
  8709 | Lair:1   | Found an iron altar of Okawaru.
  8972 | Lair:1   | 8972 ||| READING 8 scrolls of identify.
  8972 | Lair:1   | 8972 ||| IDENTIFYING sedimented pink potion
  8973 | Lair:1   | 8973 ||| DROPPING potion of berserk rage.
  9085 | Lair:2   | 9085 ||| Stepping ~*~*~tactically~*~*~ (outnumbered).
  9086 | Lair:2   | 9086 ||| Stepping ~*~*~tactically~*~*~ (outnumbered).
  9087 | Lair:2   | 9087 ||| Stepping ~*~*~tactically~*~*~ (outnumbered).
  9088 | Lair:2   | 9088 ||| Stepping ~*~*~tactically~*~*~ (outnumbered).
  9089 | Lair:2   | 9089 ||| Stepping ~*~*~tactically~*~*~ (outnumbered).
  9117 | Lair:2   | Noticed a five-headed hydra
  9118 | Lair:2   | 9118 ||| INVOKING Fiery Armour.
  9125 | Lair:2   | Killed a nine-headed hydra
  9189 | Lair:2   | Noticed an eight-headed hydra
  9195 | Lair:2   | HP: 26/105 [wolf (8)]
  9196 | Lair:2   | Reached skill level 9 in Shields
  9196 | Lair:2   | 9196 ||| DRINKING 4 potions of heal wounds.
  9198 | Lair:2   | 9198 ||| DRINKING 3 potions of heal wounds.
  9199 | Lair:2   | Killed a nine-headed hydra
  9203 | Lair:2   | 9203 ||| FLEEEEING.
  9204 | Lair:2   | 9204 ||| FLEEEEING.
  9205 | Lair:2   | 9205 ||| FLEEEEING.
  9206 | Lair:2   | 9206 ||| FLEEEEING.
  9207 | Lair:2   | 9207 ||| FLEEEEING.
  9208 | Lair:2   | 9208 ||| FLEEEEING.
  9209 | Lair:2   | 9209 ||| FLEEEEING.
  9210 | Lair:2   | 9210 ||| FLEEEEING.
  9211 | Lair:2   | 9211 ||| FLEEEEING.
  9212 | Lair:2   | 9212 ||| FLEEEEING.
  9213 | Lair:2   | 9213 ||| FLEEEEING.
  9214 | Lair:2   | 9214 ||| FLEEEEING.
  9215 | Lair:2   | 9215 ||| STAIRDANCE
  9272 | Lair:1   | 9272 ||| READING scroll labelled WEJAMA DIRUCEC.
  9331 | Lair:2   | Reached XP level 12. HP: 100/114 MP: 12/12
  9331 | Lair:2   | 9331 ||| STAIRDANCE
  9404 | Lair:2   | 9404 ||| INVOKING Fiery Armour.
  9412 | Lair:2   | 9412 ||| Stepping ~*~*~tactically~*~*~ (outnumbered).
  9476 | Lair:2   | Noticed a boulder beetle
  9477 | Lair:2   | 9477 ||| Stepping ~*~*~tactically~*~*~ (stealth).
  9494 | Lair:2   | Killed a boulder beetle
  9696 | Lair:2   | 9696 ||| INVOKING Fiery Armour.
  9769 | Lair:2   | 9769 ||| PLANNING CONVERSION TO OKAWARU
  9793 | Lair:1   | Fell from the grace of Ignis
  9793 | Lair:1   | Became a worshipper of Warmaster Okawaru
  9794 | Lair:1   | 9794 ||| PLANNING LAIR
  9794 | Lair:1   | 9794 ||| UPGRADING to +4 ring of slaying {mikee}.
  9930 | Lair:2   | Found a staircase to the Swamp.
  9931 | Lair:2   | 9931 ||| Stepping ~*~*~tactically~*~*~ (hiding).
 10033 | Lair:2   | 10033 ||| Stepping ~*~*~tactically~*~*~ (hiding).
 10135 | Lair:2   | 10135 ||| Stepping ~*~*~tactically~*~*~ (hiding).
 10217 | Lair:3   | 10217 ||| Stepping ~*~*~tactically~*~*~ (hiding).
 10219 | Lair:3   | 10219 ||| Stepping ~*~*~tactically~*~*~ (hiding).
 10225 | Lair:3   | Found a staircase to the Snake Pit.
 10243 | Lair:3   | 10243 ||| Stepping ~*~*~tactically~*~*~ (hiding).
 10248 | Lair:3   | 10248 ||| Stepping ~*~*~tactically~*~*~ (stealth).
 10249 | Lair:3   | 10249 ||| Stepping ~*~*~tactically~*~*~ (stealth).
 10611 | Lair:3   | 10611 ||| Stepping ~*~*~tactically~*~*~ (stealth).
 10612 | Lair:3   | 10612 ||| Stepping ~*~*~tactically~*~*~ (stealth).
 10614 | Lair:3   | 10614 ||| Stepping ~*~*~tactically~*~*~ (stealth).
 10764 | Lair:3   | 10764 ||| Stepping ~*~*~tactically~*~*~ (stealth).
 10767 | Lair:3   | 10767 ||| Stepping ~*~*~tactically~*~*~ (hiding).
 10873 | Lair:3   | Noticed Amaemon
 10874 | Lair:3   | 10874 ||| Stepping ~*~*~tactically~*~*~ (hiding).
 10976 | Lair:3   | 10976 ||| Stepping ~*~*~tactically~*~*~ (hiding).
 11078 | Lair:3   | 11078 ||| Stepping ~*~*~tactically~*~*~ (hiding).
 11180 | Lair:3   | 11180 ||| Stepping ~*~*~tactically~*~*~ (hiding).
 11181 | Lair:3   | 11181 ||| Stepping ~*~*~tactically~*~*~ (hiding).
 11189 | Lair:3   | Killed Amaemon
 11220 | Lair:3   | You fall into a shaft and drop 2 floors!
 11220 | Lair:5   | Entered Level 5 of the Lair of Beasts
 11233 | Lair:5   | 11233 ||| Stepping ~*~*~tactically~*~*~ (outnumbered).
 11236 | Lair:5   | Reached * piety under Okawaru
 11241 | Lair:5   | Reached skill level 1 in Invocations
 11250 | Lair:5   | Noticed an eight-headed hydra
 11251 | Lair:5   | 11251 ||| INVOKING Heroism.
 11258 | Lair:5   | Killed a ten-headed hydra
 11299 | Lair:5   | 11299 ||| INVOKING Heroism.
 11319 | Lair:5   | 11319 ||| Stepping ~*~*~tactically~*~*~ (outnumbered).
 11320 | Lair:5   | 11320 ||| INVOKING Heroism.
 11321 | Lair:5   | 11321 ||| Stepping ~*~*~tactically~*~*~ (outnumbered).
 11324 | Lair:5   | Reached skill level 12 in Shields
 11330 | Lair:5   | Reached skill level 3 in Invocations
 11334 | Lair:5   | HP: 2/114 [spriggan rider/+0 spear (29)]
 11335 | Lair:5   | 11335 ||| DRINKING 3 potions of heal wounds.
 11336 | Lair:5   | 11336 ||| DRINKING 2 potions of heal wounds.
 11337 | Lair:5   | 11337 ||| INVOKING Heroism.
 11338 | Lair:5   | 11338 ||| DRINKING potion of heal wounds.
 11339 | Lair:5   | HP: 9/114 [wolf (5)]
 11340 | Lair:5   | HP: 4/114 [wolf (6)]
 11346 | Lair:5   | Mangled by a spriggan rider

Levels and vault maps discovered:
D:1:      spicycebolla_arrival_ecumenical, layout_rooms, serial_shops, shop
D:2:      layout_basic
D:3:      layout_loops_cross, vehumet_statue
D:4:      layout_loops_ring, lemuel_doored_altar, minmay_temple_entry_wispy
D:5:      layout_loops_corners, nicolae_overflow_hidden_temple,
          mainiacjoe_overflow_six_doors_small, mainiacjoe_overflow_swirl,
          uniq_menkaure, uniq_blork_the_orc
D:6:      layout_loops_ring, gup_sewer_entry_bowl, minmay_starry_boxes,
          uniq_maggie
D:7:      minmay_opposing_rooms, layout_gridville, nzn_ghost_randoct,
          uniq_crazy_yiuf_cottage
D:8:      minmay_bubble_buster, layout_basic, mainiacjoe_overflow_cross_hatched,
          lair_entry_dummy, wad_rectangle_vault
Lair:1:   layout_regular_city, basic_altar, grunt_megastairs_3, uniq_urug
Lair:2:   gammafunk_indiana_jones, layout_hall_layers, minmay_swamp_entry_worms
Lair:3:   layout_layer_cave, guppyfry_snake_entry_garden, wad_woods_river_01,
          uniq_amaemon
Lair:5:   minmay_lair_end_enchanted_forest, layout_small_grid, slime_entry_2,
          lemuel_fruit_fields

Skill      XL: |  1  2  3  4  5  6  7  8  9 10 11 12 |
---------------+-------------------------------------+-----
Unarmed Combat | 4 5 6 8 9 11 13 14 | 14.7
Fighting       | 3 4 5 6 |  6.0
Dodging        | 1 2 |  2.0
Armour         | 2 |  2.0
Throwing       | 3 |  3.0
Shields        | 2 9 12 | 12.1
Invocations    | 3 |  3.4
Spellcasting   | |  1.0
Fire Magic     | |  2.1

Action                   |  1- 3 |  4- 6 |  7- 9 | 10-12 || total
-------------------------+-------+-------+-------+-------++-------
Melee: Unarmed           |   124 |    84 |   196 |   416 ||   820
       Punch             |     2 |     3 |     7 |     7 ||    19
       Kick              |       |     3 |    40 |   107 ||   150
Throw: Javelin           |       |       |       |    68 ||    68
       Boomerang         |       |       |       |    19 ||    19
Invok: Fiery Armour      |       |     2 |     4 |     7 ||    13
       Heroism           |       |       |       |     4 ||     4
  Use: Scroll            |     3 |     7 |     7 |     4 ||    21
       Potion            |       |     3 |     3 |     6 ||    12
 Stab: Distracted        |       |       |       |     1 ||     1
Armor: Robe              |    42 |    23 |    30 |    53 ||   148
       Acid dragon scale |       |       |    28 |    61 ||    89
Dodge: Dodged            |    59 |    35 |    72 |    80 ||   246
Block: Tower shield      |       |       |       |   283 ||   283

Table legend:
 A = Non-vault XP
 B = Vault XP
 C = Vault XP percentage of total XP
 D = Non-vault monster count
 E = Vault monster count
 F = Vault count percentage of total count
                 A         B        C        D         E       F
            +---------+---------+-------+---------+---------+-------
      Total |   24511 |    9913 |  28.8 |     230 |      68 |  22.8
            +---------+---------+-------+---------+---------+-------
        D:1 |      35 |       0 |   0.0 |      18 |       0 |   0.0
        D:2 |      37 |       0 |   0.0 |      15 |       0 |   0.0
        D:3 |     194 |      32 |  14.2 |      26 |       1 |   3.7
        D:4 |     108 |       0 |   0.0 |      10 |       0 |   0.0
        D:5 |     750 |     268 |  26.3 |      24 |       2 |   7.7
        D:6 |    1669 |     805 |  32.5 |      26 |      12 |  31.6
        D:7 |    1022 |    1116 |  52.2 |      20 |      10 |  33.3
        D:8 |    2857 |    1608 |  36.0 |      29 |      20 |  40.8
     Lair:1 |    3155 |    2469 |  43.9 |      11 |       6 |  35.3
     Lair:2 |    9280 |    1113 |  10.7 |      35 |       5 |  12.5
     Lair:3 |     901 |    1480 |  62.2 |       3 |       5 |  62.5
     Lair:5 |    4503 |    1022 |  18.5 |      13 |       7 |  35.0
            +---------+---------+-------+---------+---------+-------
